General information
- name: BNet
- type: Ladder team game (AT/RT)
- host: Battle.net
- saver: sc2no.wc4yes
map: Cherryville
- players: 8
- length: 34:41
- speed: Fast
- version: 1.24 W3XP
- replay type: Public
» download(180 KB)
Players
team 1 (loser)

»
jewishislife (
green | 47 APM | 1644 actions | 34:39)
4 Blademaster
2 Wind Walk
2 Critical Strike
» actions
| Assign group hotkey | 8 | |
| Build / train | 56 | |
| Enter build submenu | 19 | |
| Enter hero's abilities submenu | 4 | |
| Remove unit from queue | 3 | |
| Right click | 1184 | |
| Select / deselect | 301 | |
| Select group hotkey | 12 | |
| Use ability | 57 | |
1644 total
» units
| Peon | 11 | |
| Grunt | 2 | |
| Wind Rider | 6 | |
| Demolisher | 4 | |
| Troll Batrider | 9 | |
32 total
» upgrades
| Armor | 2 | |
| Ranged Weapons | 2 | |
| Envenomed Spears | 1 | |
| Burning Oil | 1 | |
| Liquid Fire | 1 | |
7 total
» buildings
| Altar of Storms | 1 | |
| Orc Burrow | 7 | |
| Barracks | 1 | |
| War Mill | 1 | |
| Voodoo Lounge | 1 | |
| Stronghold | 1 | |
| Watch Tower | 1 | |
| Beastiary | 2 | |
| Fortress | 1 | |
| Great Hall | 3 | |
19 total
» build order
00:11 Altar of Storms
00:13 Orc Burrow
01:46 Barracks
01:51 Orc Burrow
03:06 War Mill
03:14 Voodoo Lounge
03:55 Stronghold
04:53 Watch Tower
06:10 Orc Burrow
06:17 Beastiary
06:19 Beastiary
07:29 Orc Burrow
09:32 Fortress
10:13 Orc Burrow
13:21 Orc Burrow
14:16 Orc Burrow
22:10 Great Hall
27:47 Great Hall
28:24 Great Hall
» items
| Lesser Clarity Potion | 3 | |
| Healing Salve | 2 | |
| Scroll of Speed | 1 | |
| Orb of Lightning | 1 | |
7 total
LaiPt (
red | 40 APM | 1074 actions | 26:40)
1 Priestess of the Moon
1 Scout
» actions
| Assign group hotkey | 61 | |
| Basic commands | 4 | |
| Build / train | 60 | |
| ESC pressed | 2 | |
| Enter build submenu | 16 | |
| Enter hero's abilities submenu | 1 | |
| Remove unit from queue | 2 | |
| Right click | 489 | |
| Select / deselect | 359 | |
| Select group hotkey | 44 | |
| Use ability | 35 | |
1074 total
» units
| Wisp | 43 | |
| Archer | 3 | |
| Goblin Shredder | 1 | |
| Huntress | 5 | |
52 total
» upgrades
» buildings
| Moon Well | 3 | |
| Altar of Elders | 1 | |
| Tree of Ages | 1 | |
| Ancient of War | 1 | |
| Hunter's Hall | 1 | |
| Tree of Eternity | 1 | |
| Ancient Protector | 1 | |
| Tree of Life | 3 | |
12 total
» build order
00:39 Moon Well
00:55 Altar of Elders
01:07 Moon Well
02:33 Tree of Ages
02:46 Ancient of War
03:10 Hunter's Hall
03:29 Moon Well
04:57 Tree of Eternity
08:34 Ancient Protector
16:59 Tree of Life
21:17 Tree of Life
22:36 Tree of Life

»
iGoOcH (
pink | 49 APM | 1294 actions | 26:26)
8 Death Knight
3 Death Coil
3 Unholy Aura
1 Animate Dead
1 Death Pact
» actions
| Assign group hotkey | 7 | |
| Build / train | 53 | |
| Enter build submenu | 19 | |
| Enter hero's abilities submenu | 8 | |
| Right click | 830 | |
| Select / deselect | 315 | |
| Select group hotkey | 21 | |
| Use ability | 41 | |
1294 total
» units
| Acolyte | 8 | |
| Ghoul | 7 | |
| Crypt Fiend | 7 | |
| Frost Wyrm | 9 | |
31 total
» upgrades
| Creature Attack | 3 | |
| Creature Carapace | 3 | |
| Unholy Strength | 1 | |
| Burrow | 1 | |
| Web | 1 | |
| Freezing Breath | 1 | |
10 total
» buildings
| Altar of Darkness | 1 | |
| Ziggurat | 9 | |
| Crypt | 2 | |
| Graveyard | 1 | |
| Nerubian Tower | 1 | |
| Halls of the Dead | 1 | |
| Black Citadel | 1 | |
| Sacrificial Pit | 1 | |
| Boneyard | 3 | |
| Tomb of Relics | 1 | |
21 total
» build order
00:11 Altar of Darkness
00:15 Ziggurat
01:01 Crypt
01:29 Ziggurat
01:35 Ziggurat
02:12 Graveyard
02:40 Crypt
03:13 Nerubian Tower
07:31 Halls of the Dead
09:52 Black Citadel
10:10 Sacrificial Pit
10:15 Ziggurat
10:16 Ziggurat
10:19 Ziggurat
11:52 Ziggurat
11:58 Ziggurat
12:00 Ziggurat
12:22 Boneyard
12:30 Boneyard
18:52 Tomb of Relics
19:55 Boneyard

»
BigDogintheYard (
blue | 25 APM | 861 actions | 34:26)
6 Mountain King
3 Storm Bolt
2 Bash
1 Avatar
3 Paladin
1 Devotion Aura
2 Holy Light
1 Naga Sea Witch
1 Frost Arrows
» actions
| Assign group hotkey | 14 | |
| Basic commands | 115 | |
| Build / train | 51 | |
| Enter build submenu | 20 | |
| Enter hero's abilities submenu | 10 | |
| Give item / drop item | 1 | |
| Remove unit from queue | 7 | |
| Right click | 369 | |
| Select / deselect | 153 | |
| Select group hotkey | 65 | |
| Use ability | 56 | |
861 total
» units
| Peasant | 5 | |
| Footman | 4 | |
| Knight | 4 | |
| Gargoyle | 1 | |
14 total
» upgrades
| Lumber Harvesting | 1 | |
| Animal War Training | 1 | |
| Swords | 3 | |
| Plating | 2 | |
7 total
» buildings
| Altar of Kings | 1 | |
| Farm | 10 | |
| Lumber Mill | 1 | |
| Keep | 1 | |
| Barracks | 2 | |
| Castle | 1 | |
| Blacksmith | 1 | |
| Arcane Vault | 1 | |
| Scout Tower | 1 | |
| Guard Tower | 1 | |
20 total
» build order
00:09 Altar of Kings
00:14 Farm
01:00 Farm
01:30 Lumber Mill
01:54 Farm
02:46 Keep
02:51 Barracks
04:21 Barracks
05:21 Castle
05:28 Farm
06:15 Farm
06:24 Blacksmith
07:44 Arcane Vault
08:01 Scout Tower
08:38 Farm
09:03 Farm
09:08 Farm
09:44 Guard Tower
09:53 Farm
11:39 Farm
» items
| Orb of Fire | 2 | |
| Potion of Healing | 3 | |
| Scroll of Town Portal | 2 | |
7 total
team 2 (winner)
one-hero (
orange | 45 APM | 1575 actions | 34:40)
8 Blademaster
3 Wind Walk
3 Critical Strike
1 Bladestorm
1 Mirror Image
» actions
| Build / train | 62 | |
| Enter build submenu | 22 | |
| Enter hero's abilities submenu | 8 | |
| Give item / drop item | 2 | |
| Remove unit from queue | 1 | |
| Right click | 1098 | |
| Select / deselect | 226 | |
| Use ability | 156 | |
1575 total
» units
» upgrades
» buildings
| Altar of Storms | 1 | |
| Orc Burrow | 3 | |
| Voodoo Lounge | 4 | |
| War Mill | 1 | |
| Stronghold | 1 | |
| Fortress | 1 | |
| Watch Tower | 7 | |
| Great Hall | 1 | |
19 total
» build order
00:08 Altar of Storms
00:17 Orc Burrow
00:58 Voodoo Lounge
01:47 Orc Burrow
01:56 War Mill
02:38 Stronghold
05:42 Fortress
06:33 Voodoo Lounge
07:17 Voodoo Lounge
08:22 Watch Tower
08:28 Watch Tower
08:44 Watch Tower
08:46 Watch Tower
09:57 Voodoo Lounge
11:14 Watch Tower
12:21 Watch Tower
13:38 Watch Tower
24:03 Orc Burrow
31:12 Great Hall
» items
| Healing Salve | 9 | |
| Lesser Clarity Potion | 13 | |
| Circlet of Nobility | 1 | |
| Boots of Speed | 1 | |
| Potion of Healing | 4 | |
| Potion of Mana | 8 | |
| Orb of Lightning | 1 | |
| Potion of Lesser Invulnerability | 5 | |
| Scroll of Regeneration | 1 | |
43 total
Rashall (
purple | 15 APM | 225 actions | 14:58)
2 Mountain King
1 Bash
1 Thunder Clap
» actions
| Assign group hotkey | 1 | |
| Build / train | 34 | |
| Enter build submenu | 17 | |
| Enter hero's abilities submenu | 2 | |
| Right click | 60 | |
| Select / deselect | 92 | |
| Use ability | 19 | |
225 total
» units
| Peasant | 6 | |
| Rifleman | 10 | |
| Mortar Team | 8 | |
24 total
» upgrades
| Gunpowder | 2 | |
| Lumber Harvesting | 1 | |
3 total
» buildings
| Farm | 8 | |
| Altar of Kings | 1 | |
| Barracks | 1 | |
| Blacksmith | 1 | |
| Keep | 1 | |
| Lumber Mill | 1 | |
| Workshop | 1 | |
| Castle | 1 | |
| Arcane Sanctum | 1 | |
16 total
» build order
00:12 Farm
00:17 Altar of Kings
00:20 Barracks
00:54 Farm
01:52 Blacksmith
04:37 Keep
04:46 Farm
05:33 Farm
06:18 Lumber Mill
08:22 Farm
08:33 Workshop
09:02 Farm
10:06 Farm
10:50 Farm
11:22 Castle
12:09 Arcane Sanctum
» items
| Scroll of Town Portal | 1 | |
| Circlet of Nobility | 1 | |
2 total

»
sc2no.wc4yes (
yellow | 76 APM | 2633 actions | 34:41)
10 Warden
3 Shadow Strike
3 Blink
1 Spirit of Vengeance
3 Fan of Knives
» actions
| Assign group hotkey | 99 | |
| Basic commands | 97 | |
| Build / train | 111 | |
| ESC pressed | 5 | |
| Enter build submenu | 42 | |
| Enter hero's abilities submenu | 10 | |
| Give item / drop item | 3 | |
| Right click | 1011 | |
| Select / deselect | 350 | |
| Select group hotkey | 714 | |
| Use ability | 191 | |
2633 total
» units
| Wisp | 43 | |
| Hippogryph | 15 | |
| Chimaera | 8 | |
| Goblin Shredder | 5 | |
| Goblin Zeppelin | 1 | |
72 total
» upgrades
| Reinforced Hides | 2 | |
| Strength of the Wild | 2 | |
| Corrosive Breath | 1 | |
| Nature's Blessing | 1 | |
6 total
» buildings
| Moon Well | 17 | |
| Altar of Elders | 2 | |
| Tree of Ages | 4 | |
| Hunter's Hall | 1 | |
| Tree of Eternity | 4 | |
| Ancient of Wind | 11 | |
| Chimaera Roost | 4 | |
| Tree of Life | 5 | |
48 total
» build order
00:57 Moon Well
01:02 Altar of Elders
02:53 Moon Well
02:53 Moon Well
02:57 Moon Well
04:27 Tree of Ages
04:28 Tree of Ages
04:30 Moon Well
04:31 Moon Well
04:31 Moon Well
05:53 Hunter's Hall
06:34 Moon Well
06:50 Tree of Eternity
07:23 Ancient of Wind
09:40 Ancient of Wind
09:41 Ancient of Wind
09:46 Chimaera Roost
09:46 Chimaera Roost
09:47 Chimaera Roost
17:49 Chimaera Roost
19:41 Tree of Life
21:10 Tree of Life
23:26 Moon Well
23:26 Moon Well
23:35 Moon Well
23:35 Moon Well
23:50 Tree of Life
25:06 Tree of Ages
25:15 Moon Well
27:39 Ancient of Wind
27:40 Ancient of Wind
27:40 Ancient of Wind
27:40 Ancient of Wind
29:48 Ancient of Wind
29:51 Tree of Ages
29:57 Ancient of Wind
29:58 Ancient of Wind
30:23 Ancient of Wind
31:58 Tree of Life
32:00 Tree of Life
33:13 Altar of Elders
33:17 Moon Well
33:18 Moon Well
33:18 Moon Well
33:18 Moon Well
34:32 Tree of Eternity
34:32 Tree of Eternity
» items
| Boots of Speed | 1 | |
| Circlet of Nobility | 2 | |
| Staff of Teleportation | 1 | |
| Lesser Clarity Potion | 2 | |
| Tiny Great Hall | 2 | |
| Scroll of Town Portal | 3 | |
| Orb of Lightning | 1 | |
| Healing Salve | 2 | |
14 total
C.u.n.t.f.u.c.K (
teal | 17 APM | 585 actions | 33:45)
1 Blood Mage
1 Flame Strike
» actions
| Basic commands | 8 | |
| Build / train | 47 | |
| Enter build submenu | 15 | |
| Enter hero's abilities submenu | 1 | |
| Give item / drop item | 1 | |
| Right click | 217 | |
| Select / deselect | 212 | |
| Use ability | 84 | |
585 total
» units
» buildings
| Altar of Kings | 1 | |
| Farm | 1 | |
| Arcane Vault | 3 | |
| Scout Tower | 31 | |
| Lumber Mill | 2 | |
| Guard Tower | 6 | |
44 total
» build order
00:24 Altar of Kings
00:27 Farm
01:19 Arcane Vault
01:24 Arcane Vault
01:33 Arcane Vault
01:41 Scout Tower
01:47 Scout Tower
01:48 Scout Tower
01:49 Scout Tower
01:50 Scout Tower
01:51 Scout Tower
02:48 Scout Tower
02:50 Scout Tower
02:51 Scout Tower
02:52 Scout Tower
02:54 Scout Tower
02:56 Scout Tower
02:57 Scout Tower
02:59 Scout Tower
03:19 Scout Tower
03:20 Scout Tower
03:22 Scout Tower
03:51 Scout Tower
03:52 Scout Tower
03:53 Scout Tower
05:01 Scout Tower
05:03 Scout Tower
05:04 Scout Tower
05:05 Scout Tower
05:07 Scout Tower
05:14 Scout Tower
05:18 Scout Tower
05:19 Scout Tower
05:21 Scout Tower
05:22 Scout Tower
05:23 Scout Tower
05:35 Lumber Mill
05:48 Lumber Mill
07:07 Guard Tower
07:07 Guard Tower
07:38 Guard Tower
08:52 Guard Tower
10:36 Guard Tower
11:24 Guard Tower
» items
Chat log
(00:25 / Allies) Rashall: yop
(00:59 / All) LaiPt: ...
(02:14 / Allies) Rashall: tech?
(03:26 / Allies) sc2no.wc4yes: oh
(03:28 / Allies) sc2no.wc4yes: we have the bser again
(03:37 / All) C.u.n.t.f.u.c.K: please dont attack me first
(03:39 / All) C.u.n.t.f.u.c.K: im making a zoo
(03:42 / All) C.u.n.t.f.u.c.K: im no threat to you
(03:56 / All) iGoOcH: the chances are low
(03:59 / Allies) Rashall: lol comon teal
(04:06 / Allies) C.u.n.t.f.u.c.K: '
(04:09 / All) C.u.n.t.f.u.c.K: chances of what?
(04:15 / All) iGoOcH: us attacking you first.
(04:20 / All) C.u.n.t.f.u.c.K: attack me last
(04:32 / All) C.u.n.t.f.u.c.K: the towers is the only defense ill be using
(04:37 / All) C.u.n.t.f.u.c.K: and thats just 2 keep the animals in
(04:51 / All) C.u.n.t.f.u.c.K: if you send an owl when i tell you
(04:54 / All) C.u.n.t.f.u.c.K: u can see the zoo
(06:32 / Allies) Rashall: we attack red?
(07:10 / All) C.u.n.t.f.u.c.K: get out
(07:17 / Allies) C.u.n.t.f.u.c.K: or ur wardens dead
(08:03 / All) jewishislife: yellow you have a map hack
(08:27 / All) jewishislife: yellow im reporting u
(09:09 / All) C.u.n.t.f.u.c.K: if you send an owl by, you can see the beginnings
(09:59 / Allies) sc2no.wc4yes: rofl
(10:39 / Allies) Rashall: we should be attacking
(10:50 / All) C.u.n.t.f.u.c.K: effectove
(10:53 / Allies) sc2no.wc4yes: "one hero" isnt making units
(10:56 / Allies) C.u.n.t.f.u.c.K: *effective
(10:59 / Allies) one-hero: i'm owning red
(11:00 / Allies) sc2no.wc4yes: who is "we"?
(11:36 / Allies) sc2no.wc4yes: one hero can i have 2000 gold
(11:41 / Allies) sc2no.wc4yes: its not like you can spend that much on items
(12:05 / Allies) sc2no.wc4yes: rashall are you black?
(12:12 / Allies) Rashall: no?
(12:13 / Allies) sc2no.wc4yes: youre playing horribly and your name looks like a blacks
(12:56 / Allies) one-hero: almost lvl 6 lol
(13:07 / Allies) sc2no.wc4yes: nice riflemen rofl
(14:00 / Allies) sc2no.wc4yes: rashall
(14:01 / Allies) sc2no.wc4yes: gold me
(14:07 / Allies) sc2no.wc4yes: give it all
(14:12 / All) iGoOcH: gg
(14:17 / All) sc2no.wc4yes: yeah really gg
(14:19 / All) sc2no.wc4yes: hope u get allies like this
(14:28 / All) jewishislife: u have map hack stfu
(14:39 / All) C.u.n.t.f.u.c.K: hey
(14:41 / All) iGoOcH: leave
(14:42 / All) C.u.n.t.f.u.c.K: i like my zoo
(14:44 / All) C.u.n.t.f.u.c.K: :(
(14:46 / All) Rashall: actually teal and oj are not really playing..
(14:53 / All) iGoOcH: then leave
(14:56 / All) iGoOcH: its obviously over
(15:21 / Allies) sc2no.wc4yes: orc
(15:23 / Allies) sc2no.wc4yes: staff ur hero in
(15:25 / Allies) sc2no.wc4yes: and do a lst stand with me
(16:47 / Allies) sc2no.wc4yes: gold pls
(17:45 / Allies) one-hero: nice zoo lol
(17:47 / Allies) one-hero: just saw it
(17:52 / Allies) C.u.n.t.f.u.c.K: thanks
(17:54 / Allies) C.u.n.t.f.u.c.K: ima fan
(18:05 / Allies) C.u.n.t.f.u.c.K: i think its a cool way 2 bs
(18:06 / Allies) C.u.n.t.f.u.c.K: personally
(18:39 / All) iGoOcH: orange
(18:41 / All) iGoOcH: this isnt dota
(18:45 / All) iGoOcH: use other units
(18:46 / All) iGoOcH: lol
(19:28 / All) C.u.n.t.f.u.c.K: have you guys seen the zoo yet?
(20:25 / All) jewishislife: map hack!!!!!!!!!!!!!!!!!!!!!!!!!!!
(20:47 / Allies) sc2no.wc4yes: if you massed bats we could win this easy
(20:53 / Allies) sc2no.wc4yes: too bad you "gimmick username" guys are so strict
(20:55 / Allies) sc2no.wc4yes: about your rules
(20:58 / All) jewishislife: im seriously reporting you you fucking bitch
(23:04 / Allies) sc2no.wc4yes: wood pls
(24:04 / All) C.u.n.t.f.u.c.K: pink and blue :(
(24:31 / All) one-hero: the zoo is owning
(24:41 / Allies) C.u.n.t.f.u.c.K: really
(24:44 / Allies) C.u.n.t.f.u.c.K: making the final stand
(24:45 / Allies) C.u.n.t.f.u.c.K: in my base
(24:46 / Allies) C.u.n.t.f.u.c.K: >><
(24:48 / Allies) C.u.n.t.f.u.c.K: >.<
(25:15 / All) C.u.n.t.f.u.c.K: I KILLED TH EDK
(25:20 / All) C.u.n.t.f.u.c.K: im proad of myself
(25:23 / All) C.u.n.t.f.u.c.K: *proud
(25:41 / Allies) C.u.n.t.f.u.c.K: lol
(25:42 / Allies) C.u.n.t.f.u.c.K: animals
(26:42 / Allies) sc2no.wc4yes: lol so close
(27:17 / All) one-hero: my stupid mouse isn't working
(30:13 / All) jewishislife: map hack
(31:29 / Allies) sc2no.wc4yes: get wyrfms
(33:48 / All) jewishislife: yellow you should fucking leave your the cheapest mother fucker leave and i wont report u
(33:51 / All) sc2no.wc4yes: cry more
(33:53 / All) sc2no.wc4yes: you lost 4v2
(33:58 / All) sc2no.wc4yes: maphack isnt that much of a crutch
(34:01 / All) sc2no.wc4yes: 4 vs fuckign 2
(34:01 / All) jewishislife: ur a fucking cheater